[Event "ICC tourney 2533 (25 5)"]
[Site "Internet Chess Club"]
[Date "2021.04.24"]
[Round "2"]
[White "WENZHI GUO, MICHAEL:K09-16316494"]
[Black "ROSLIK NEVISTICH, LUCAS:K09-16541246"]
[Result "0-1"]
[ICCResult "White checkmated"]
[WhiteElo "914"]
[BlackElo "234"]
[Opening "Center game"]
[ECO "C22"]
[NIC "KP.04"]
[Time "13:13:47"]
[PlyCount "66"]
[TimeControl "1500+5"]

1. e4 e5 2. d4 exd4 3. Qxd4 Nc6 4. Qd1 Bc5 5. Nc3 Nf6 6. h3 d6 7. Nf3 O-O
8. Bg5 h6 9. Bxf6 Qxf6 10. Bd3 Nd4 11. Nxd4 Qxd4 12. Qd2 Qf6 13. O-O-O d5
14. exd5 Bd6 15. g3 h5 16. Rdf1 h4 17. gxh4 Bf4 18. Qxf4 Qxf4+ 19. Kb1 Qxh4
20. f4 Bxh3 21. Rf3 Rae8 22. Ka1 Re1+ 23. Rxe1 Qxe1+ 24. Nb1 Bg4 25. Rg3 f5
26. Rg2 Rd8 27. Re2 Bxe2 28. Bxe2 Qxe2 29. a3 Rxd5 30. Ka2 Qc4+ 31. b3
Qxc2+ 32. Ka1 Rd1 33. a4 Qxb1# { White checkmated } 0-1

[Event "ICC tourney 2533 (25 5)"]
[Site "Internet Chess Club"]
[Date "2021.04.24"]
[Round "2"]
[White "SUN, YICHEN:K09-30153816"]
[Black "CHAKRAVARTY, ARITRO:K09-16061277"]
[Result "0-1"]
[ICCResult "White checkmated"]
[WhiteElo "1190"]
[BlackElo "1886"]
[Opening "Sicilian defense"]
[ECO "B30"]
[NIC "SI.31"]
[Time "13:11:44"]
[PlyCount "56"]
[TimeControl "1500+5"]

1. e4 c5 2. Nf3 Nc6 3. b3 e6 4. Bb2 d5 5. e5 Bd7 6. d4 cxd4 7. Nxd4 Rc8 8.
Nc3 Nxe5 9. Bb5 Bb4 10. Bxd7+ Qxd7 11. Ne2 d4 12. a3 dxc3 13. Qxd7+ Kxd7
14. O-O-O+ Ke7 15. axb4 cxb2+ 16. Kxb2 Nf6 17. Ra1 a6 18. Rhd1 Rhd8 19.
Rxd8 Rxd8 20. Kc3 Ne4+ 21. Kb2 Rd2 22. Nc3 Nd3+ 23. Ka3 Nxc3 24. f3 Ne5 25.
b5 Nxb5+ 26. Kb4 Rxc2 27. Rd1 Nc6+ 28. Ka4 Ra2# { White checkmated } 0-1

[Event "ICC tourney 2533 (25 5)"]
[Site "Internet Chess Club"]
[Date "2021.04.24"]
[Round "2"]
[White "MULLINIX, NICHOLAS:K09-17060845"]
[Black "PEDERSON, MASON:K09-16875620"]
[Result "0-1"]
[ICCResult "White resigns"]
[WhiteElo "221"]
[BlackElo "913"]
[Opening "Caro-Kann: classical variation"]
[ECO "B18"]
[NIC "CK.10"]
[Time "13:13:10"]
[PlyCount "44"]
[TimeControl "1500+5"]

1. e4 c6 2. d4 d5 3. Nc3 dxe4 4. Nxe4 Bf5 5. Bd3 Bxe4 6. Bxe4 Nf6 7. Qd3
Nbd7 8. Nf3 e6 9. O-O Bd6 10. Be3 O-O 11. c3 c5 12. dxc5 Nxc5 13. Bxc5 Bxc5
14. Qxd8 Raxd8 15. Rad1 b6 16. b3 Nxe4 17. c4 Nc3 18. Rxd8 Rxd8 19. Ra1 f6
20. a3 e5 21. b4 Be7 22. Rc1 Ne2+ { White resigns } 0-1

[Event "ICC tourney 2533 (25 5)"]
[Site "Internet Chess Club"]
[Date "2021.04.24"]
[Round "2"]
[White "VALLI PILLA, ANANYA:K09-14998655"]
[Black "LI, HARVEY:K09-16806831"]
[Result "0-1"]
[ICCResult "White checkmated"]
[WhiteElo "1101"]
[BlackElo "1756"]
[Opening "Scandinavian defense"]
[ECO "B01"]
[NIC "SD.03"]
[Time "13:11:22"]
[PlyCount "50"]
[TimeControl "1500+5"]

1. e4 d5 2. exd5 Nf6 3. Nc3 Nxd5 4. Nxd5 Qxd5 5. Nf3 Bg4 6. d3 Nc6 7. Be3
e5 8. h3 Bxf3 9. gxf3 O-O-O 10. Bg2 Bd6 11. Qd2 Nd4 12. O-O-O Qxa2 13. Qc3
Ne2+ 14. Kd2 Nxc3 15. bxc3 a6 16. c4 Bb4+ 17. Ke2 Qxc2+ 18. Bd2 Qxd3+ 19.
Ke1 Bxd2+ 20. Rxd2 Qxc4 21. f4 Rxd2 22. Kxd2 Qxf4+ 23. Ke2 Rd8 24. Re1 Rd2+
25. Kf1 Qxf2# { White checkmated } 0-1

[Event "ICC tourney 2533 (25 5)"]
[Site "Internet Chess Club"]
[Date "2021.04.24"]
[Round "2"]
[White "SAFRANEK, WILLIAM:K09-15106903"]
[Black "PEREZ, MARCOS:K09-15942255"]
[Result "1-0"]
[ICCResult "Black checkmated"]
[WhiteElo "1900"]
[BlackElo "584"]
[Opening "two knights defense: Lolli attack"]
[ECO "C57"]
[NIC "KP.01"]
[Time "13:11:41"]
[PlyCount "59"]
[TimeControl "1500+5"]

1. e4 e5 2. Nf3 Nc6 3. Bc4 Nf6 4. Ng5 d5 5. exd5 Nxd5 6. d4 exd4 7. Nxf7
Kxf7 8. Qf3+ Ke8 9. Bxd5 Qe7+ 10. Kd1 Ne5 11. Qe4 c6 12. Bb3 Bg4+ 13. f3
Bh5 14. Re1 Rd8 15. Qxe5 Qxe5 16. Rxe5+ Be7 17. Rxh5 d3 18. cxd3 Rxd3+ 19.
Kc2 Rd6 20. Nc3 g6 21. Ra5 b6 22. Rxa7 Rf8 23. Ne4 Rd4 24. Be3 Rd8 25. Bxb6
Rf5 26. Bxd8 Kxd8 27. Rd1+ Ke8 28. Ra8+ Bd8 29. Raxd8+ Ke7 30. R1d7# {
Black checkmated } 1-0

[Event "ICC tourney 2533 (25 5)"]
[Site "Internet Chess Club"]
[Date "2021.04.24"]
[Round "2"]
[White "SREEJAN BAYYARAPU, MOHIT:K09-15582120"]
[Black "MICHAEL BAR, NATHAN:K09-30163724"]
[Result "1-0"]
[ICCResult "Black checkmated"]
[WhiteElo "1742"]
[BlackElo "1074"]
[Opening "Giuoco Pianissimo"]
[ECO "C55"]
[NIC "IG.01"]
[Time "13:11:21"]
[PlyCount "109"]
[TimeControl "1500+5"]

1. e4 e5 2. Nf3 Nc6 3. Bc4 Nf6 4. d3 Bc5 5. c3 d5 6. exd5 Nxd5 7. Qb3 Nce7
8. Qb5+ Bd7 9. Qxc5 Bc6 10. Nxe5 O-O 11. Nxc6 Nxc6 12. Qxd5 Re8+ 13. Be3
Qxd5 14. Bxd5 Rad8 15. Bxc6 bxc6 16. d4 f5 17. O-O h6 18. Nd2 g5 19. Nb3 f4
20. Bd2 Re2 21. Rae1 Rxe1 22. Rxe1 Ra8 23. Nc5 Rd8 24. Re7 Rc8 25. Ne6 a5
26. Nxc7 Rb8 27. Re8+ Rxe8 28. Nxe8 Kf7 29. Nd6+ Ke6 30. Nc4 a4 31. b3 axb3
32. axb3 Kd5 33. f3 c5 34. dxc5 Kxc5 35. g3 fxg3 36. hxg3 Kd5 37. f4 gxf4
38. Bxf4 Ke4 39. Bxh6 Kf3 40. Kh2 Ke4 41. Kh3 Kd5 42. g4 Kc6 43. g5 Kd7 44.
Kh4 Ke6 45. Kh5 Kf5 46. g6 Kf6 47. b4 Ke6 48. g7 Kf7 49. b5 Kg8 50. b6 Kf7
51. b7 Kg8 52. b8=Q+ Kf7 53. g8=Q+ Kf6 54. Qf4+ Ke7 55. Qd6# { Black
checkmated } 1-0

[Event "ICC tourney 2533 (25 5)"]
[Site "Internet Chess Club"]
[Date "2021.04.24"]
[Round "2"]
[White "KLEIN, ISAAC:K09-17334355"]
[Black "LIU, JOSHUA:K09-16222106"]
[Result "0-1"]
[ICCResult "White checkmated"]
[WhiteElo "557"]
[BlackElo "1613"]
[Opening "French defense"]
[ECO "C00"]
[NIC "FR.01"]
[Time "13:11:56"]
[PlyCount "44"]
[TimeControl "1500+5"]

1. e4 e6 2. Nc3 d5 3. Bd3 Nf6 4. e5 Nfd7 5. Nf3 c5 6. Be2 Nc6 7. d4 cxd4 8.
Nxd4 Ndxe5 9. Nxc6 Nxc6 10. Bb5 Bd7 11. Qe2 a6 12. Bxc6 Bxc6 13. f4 d4 14.
Ne4 Qd5 15. Ng3 Qxg2 16. Qd3 Bb4+ 17. c3 dxc3 18. bxc3 Rd8 19. Qb1 Bxc3+
20. Bd2 Qxd2+ 21. Kf1 Bg2+ 22. Kg1 Bd4# { White checkmated } 0-1

[Event "ICC tourney 2533 (25 5)"]
[Site "Internet Chess Club"]
[Date "2021.04.24"]
[Round "2"]
[White "MICHAEL WANG, JUSTIN:K09-15796021"]
[Black "S DINGLASAN, MATTHEW:K09-15748615"]
[Result "0-1"]
[ICCResult "White checkmated"]
[WhiteElo "962"]
[BlackElo "1569"]
[Opening "QGD Slav: 4.Nc3"]
[ECO "D15"]
[NIC "SL.03"]
[Time "13:13:31"]
[PlyCount "50"]
[TimeControl "1500+5"]

1. d4 d5 2. c4 c6 3. Nc3 Nf6 4. Nf3 Bf5 5. b3 e6 6. e3 Be7 7. Bd3 Bg6 8.
O-O Nbd7 9. cxd5 cxd5 10. Bxg6 hxg6 11. Ne5 Nxe5 12. dxe5 Nd7 13. b4 Bxb4
14. Qb3 Bxc3 15. Qxc3 Rc8 16. Qd4 Qh4 17. Qxh4 Rxh4 18. g3 Rhc4 19. Bb2 b6
20. f4 Rc2 21. Ba3 Re2 22. Bc1 Rcc2 23. a4 Rg2+ 24. Kh1 Rxh2+ 25. Kg1 Rcg2#
{ White checkmated } 0-1

[Event "ICC tourney 2533 (25 5)"]
[Site "Internet Chess Club"]
[Date "2021.04.24"]
[Round "2"]
[White "CRIST, CARTER:K09-15446271"]
[Black "JOHN KIM, ANDREW:K09-16142364"]
[Result "0-1"]
[ICCResult "White checkmated"]
[WhiteElo "435"]
[BlackElo "995"]
[Opening "Queen's pawn: Chigorin variation"]
[ECO "D00"]
[NIC "QP.08"]
[Time "13:13:07"]
[PlyCount "36"]
[TimeControl "1500+5"]

1. d4 d5 2. Nc3 Bf5 3. e3 Nf6 4. Nf3 e6 5. Ne5 Nbd7 6. Be2 Bd6 7. Nxf7 Kxf7
8. Bf3 c5 9. dxc5 Nxc5 10. b4 Nce4 11. O-O Nxc3 12. Qd2 Nfe4 13. Qd3 Bxb4
14. g4 Bg6 15. a3 Bd6 16. Bd2 Qh4 17. Rfe1 Qxh2+ 18. Kf1 Qxf2# { White
checkmated } 0-1

[Event "ICC tourney 2533 (25 5)"]
[Site "Internet Chess Club"]
[Date "2021.04.24"]
[Round "2"]
[White "YANG XIAO, STEPHEN:K09-16490714"]
[Black "D LEVY, SOLOMON:K09-30045580"]
[Result "1-0"]
[ICCResult "Black resigns"]
[WhiteElo "1612"]
[BlackElo "1012"]
[Opening "Giuoco Piano"]
[ECO "C54"]
[NIC "IG.02"]
[Time "13:14:05"]
[PlyCount "49"]
[TimeControl "1500+5"]

1. e4 e5 2. Nf3 Nc6 3. Bc4 Bc5 4. c3 Nf6 5. d3 O-O 6. O-O a6 7. Bg5 Be7 8.
Re1 b5 9. Bb3 d6 10. h3 Be6 11. d4 exd4 12. cxd4 Bxb3 13. Qxb3 Na5 14. Qc2
h6 15. Bh4 c5 16. dxc5 dxc5 17. Nc3 b4 18. Bxf6 Bxf6 19. Nd5 Rc8 20. Rad1
Re8 21. e5 Bg5 22. Nf6+ Bxf6 23. Rxd8 Bxd8 24. Qf5 g6 25. Qxc8 { Black
resigns } 1-0

[Event "ICC tourney 2533 (25 5)"]
[Site "Internet Chess Club"]
[Date "2021.04.24"]
[Round "2"]
[White "ARJUN ARORA, PIERCE:K09-16016532"]
[Black "GARZA, ISABELLA:K09-15183191"]
[Result "1-0"]
[ICCResult "Black checkmated"]
[WhiteElo "1016"]
[BlackElo "461"]
[Opening "Scotch: Lolli variation"]
[ECO "C44"]
[NIC "KP.10"]
[Time "13:12:31"]
[PlyCount "69"]
[TimeControl "1500+5"]

1. e4 e5 2. d4 Nc6 3. Nf3 Nxd4 4. Nxe5 Nxc2+ 5. Qxc2 Bb4+ 6. Nc3 Bxc3+ 7.
Qxc3 d6 8. Nf3 Be6 9. Bd3 Nf6 10. O-O Qd7 11. Be3 Bg4 12. Nd4 O-O 13. Nf5
Bh5 14. Nh6+ gxh6 15. Qxf6 c5 16. Bxh6 Qg4 17. Bxf8 Rxf8 18. Qxd6 Qg5 19.
Qg3 Bg4 20. h3 c4 21. Bxc4 Rc8 22. Bd5 Qd8 23. Qxg4+ Kh8 24. Bxf7 Rc2 25.
Qe6 Kg7 26. Qe8 Qd3 27. Qg8+ Kf6 28. e5+ Kxe5 29. Rfe1+ Kf6 30. Re6+ Kf5
31. Qxh7+ Kf4 32. Qxd3 Rxb2 33. Qe4+ Kg5 34. Rg6+ Kh5 35. Qg4# { Black
checkmated } 1-0

[Event "ICC tourney 2533 (25 5)"]
[Site "Internet Chess Club"]
[Date "2021.04.24"]
[Round "2"]
[White "KENNEDY, MICHAEL:K09-14963230"]
[Black "ETHAN LU, ALAN:K09-15478737"]
[Result "0-1"]
[ICCResult "White checkmated"]
[WhiteElo "1037"]
[BlackElo "1649"]
[Opening "Caro-Kann defense"]
[ECO "B10"]
[NIC "CK.01"]
[Time "13:13:53"]
[PlyCount "114"]
[TimeControl "1500+5"]

1. e4 c6 2. Nf3 d5 3. e5 c5 4. c3 Nc6 5. d4 Bg4 6. Be2 e6 7. O-O Qb6 8. h3
Bxf3 9. Bxf3 cxd4 10. cxd4 Qxd4 11. Qxd4 Nxd4 12. Bd1 Nc6 13. Bg5 Nxe5 14.
Ba4+ Nc6 15. Nc3 a6 16. Rac1 Be7 17. Bxe7 Nxe7 18. Ne2 O-O 19. Rc3 Rac8 20.
Rfc1 b5 21. Bb3 Na5 22. Rxc8 Rxc8 23. Rxc8+ Nxc8 24. Bc2 Nd6 25. Nd4 e5 26.
Nb3 Nxb3 27. Bxb3 Nc4 28. Bxc4 dxc4 29. Kf1 Kf8 30. Ke2 Ke7 31. Ke3 Kd6 32.
Ke4 f6 33. f4 exf4 34. Kxf4 Kd5 35. Ke3 Ke5 36. g3 g5 37. g4 f5 38. b3 cxb3
39. axb3 f4+ 40. Kd3 Kd5 41. b4 f3 42. Ke3 Kc4 43. Kxf3 Kxb4 44. Ke4 Kc3
45. Kf5 b4 46. Kxg5 b3 47. Kh6 b2 48. Kxh7 b1=Q+ 49. Kh6 Qb6+ 50. Kg5 Qe3+
51. Kh4 Qh6+ 52. Kg3 Kd4 53. h4 Qe3+ 54. Kg2 Ke4 55. Kf1 Qd2 56. h5 Kf3 57.
h6 Qf2# { White checkmated } 0-1

[Event "ICC tourney 2533 (25 5)"]
[Site "Internet Chess Club"]
[Date "2021.04.24"]
[Round "2"]
[White "MUTHUKUMARAN, ARJUN:K09-30018527"]
[Black "O NICHOLAS, CLARK:K09-14687296"]
[Result "1-0"]
[ICCResult "Black checkmated"]
[WhiteElo "914"]
[BlackElo "224"]
[Opening "Queen's pawn: London system"]
[ECO "A45"]
[NIC "QP.07"]
[Time "13:11:53"]
[PlyCount "37"]
[TimeControl "1500+5"]

1. d4 Nf6 2. Bf4 g6 3. Nc3 Bg7 4. e4 d6 5. Nf3 Bg4 6. Be2 Bxf3 7. Bxf3 Nbd7
8. e5 Ng8 9. Qe2 dxe5 10. dxe5 g5 11. Bg3 e6 12. O-O f6 13. exf6 Ngxf6 14.
Qxe6+ Qe7 15. Qc4 g4 16. Rfe1 gxf3 17. Rxe7+ Kxe7 18. Re1+ Kd8 19. Qxc7# {
Black checkmated } 1-0

[Event "ICC tourney 2533 (25 5)"]
[Site "Internet Chess Club"]
[Date "2021.04.24"]
[Round "2"]
[White "LEE, JAYDEN:K09-15757981"]
[Black "EILEEN MILLER, ANNA:K09-16812002"]
[Result "1-0"]
[ICCResult "Black checkmated"]
[WhiteElo "2106"]
[BlackElo "586"]
[Opening "Four knights: Spanish, classical defense"]
[ECO "C48"]
[NIC "KP.03"]
[Time "13:13:46"]
[PlyCount "87"]
[TimeControl "1500+5"]

1. e4 e5 2. Nf3 Nc6 3. Nc3 Nf6 4. Bb5 Bc5 5. O-O d6 6. d4 Bb4 7. d5 Bxc3 8.
bxc3 Bd7 9. dxc6 bxc6 10. Bd3 Rb8 11. Bg5 O-O 12. Qd2 h6 13. Bxf6 Qxf6 14.
Rfe1 Bg4 15. Qe3 Qg6 16. Nh4 Qh5 17. Qg3 Rfe8 18. h3 Bd7 19. Be2 Qg5 20.
Qxg5 hxg5 21. Nf3 g4 22. hxg4 Bxg4 23. Bc4 Bxf3 24. gxf3 Kf8 25. Kf1 Rb2
26. Bb3 d5 27. Ke2 dxe4 28. fxe4 Rd8 29. Red1 Rxd1 30. Kxd1 a5 31. Kc1 Rxb3
32. axb3 g5 33. Rxa5 Kg7 34. Rxe5 f6 35. Re7+ Kg6 36. Rxc7 f5 37. Rxc6+ Kh5
38. exf5 g4 39. f6 Kh4 40. f7 g3 41. fxg3+ Kxg3 42. f8=Q Kh2 43. Rg6 Kh3
44. Qh8# { Black checkmated } 1-0

[Event "ICC tourney 2533 (25 5)"]
[Site "Internet Chess Club"]
[Date "2021.04.24"]
[Round "2"]
[White "DAWN COLE SHIELDS, JATYN:K09-16024704"]
[Black "ATREYA, CHARVI:K09-16816706"]
[Result "0-1"]
[ICCResult "White checkmated"]
[WhiteElo "404"]
[BlackElo "944"]
[Opening "Four knights game"]
[ECO "C47"]
[NIC "VG.04"]
[Time "13:14:11"]
[PlyCount "42"]
[TimeControl "1500+5"]

1. e4 e5 2. Nc3 Nf6 3. Nf3 Nc6 4. d3 h6 5. Be3 Bb4 6. d4 exd4 7. Bxd4 Nxe4
8. Qe2 Qe7 9. O-O-O Nxc3 10. Qd2 Nxa2+ 11. Kb1 Bxd2 12. Nxd2 Nxd4 13. Nc4
Qc5 14. Bd3 d5 15. Rhe1+ Be6 16. Nd6+ cxd6 17. Bb5+ Nxb5 18. Kxa2 d4+ 19.
c4 Qxc4+ 20. b3 Qxb3+ 21. Ka1 Qa2# { White checkmated } 0-1

[Event "ICC tourney 2533 (25 5)"]
[Site "Internet Chess Club"]
[Date "2021.04.24"]
[Round "2"]
[White "GOLDEN, RIPLEY:K09-15557812"]
[Black "LI, YIYANG:K09-30018058"]
[Result "1-0"]
[ICCResult "Black resigns"]
[WhiteElo "1584"]
[BlackElo "1008"]
[Opening "Queen's pawn game"]
[ECO "D02"]
[NIC "QP.08"]
[Time "13:12:09"]
[PlyCount "55"]
[TimeControl "1500+5"]

1. d4 d5 2. Nf3 Bf5 3. Bf4 e6 4. e3 a6 5. Be2 Nc6 6. O-O Nf6 7. h3 Be7 8.
c4 O-O 9. Nc3 h6 10. a3 Nb8 11. c5 c6 12. b4 b5 13. a4 bxa4 14. Qxa4 Qc7
15. Bxc7 Nbd7 16. Bh2 Nb8 17. b5 cxb5 18. Nxb5 Nbd7 19. Nd6 Bxd6 20. Bxd6
Rfd8 21. Qb4 Ne4 22. Rxa6 Rxa6 23. Bxa6 Nxd6 24. cxd6 Rb8 25. Qa4 Ra8 26.
Qxd7 Rxa6 27. Qc8+ Kh7 28. Qxa6 { Black resigns } 1-0

[Event "ICC tourney 2533 (25 5)"]
[Site "Internet Chess Club"]
[Date "2021.04.24"]
[Round "2"]
[White "DAS, SHREYAS:K09-15671703"]
[Black "LI, EDWARD:K09-16292831"]
[Result "0-1"]
[ICCResult "White resigns"]
[WhiteElo "1010"]
[BlackElo "1595"]
[Opening "Ruy Lopez: modern Steinitz defense, 5.O-O"]
[ECO "C72"]
[NIC "RL.10"]
[Time "13:12:51"]
[PlyCount "44"]
[TimeControl "1500+5"]

1. e4 e5 2. Nf3 Nc6 3. Bb5 a6 4. Ba4 d6 5. O-O g6 6. c3 Bd7 7. d4 Bg7 8. d5
Nb8 9. Bxd7+ Nxd7 10. b4 Ne7 11. Be3 O-O 12. Na3 h6 13. Nc4 f5 14. Nfd2 f4
15. Bxf4 exf4 16. Qc2 Ne5 17. Nb2 Qc8 18. Qb3 f3 19. Nxf3 Rxf3 20. gxf3
Nxf3+ 21. Kg2 Qg4+ 22. Kh1 Qh3 { White resigns } 0-1

[Event "ICC tourney 2533 (25 5)"]
[Site "Internet Chess Club"]
[Date "2021.04.24"]
[Round "2"]
[White "MAHAJAN, RUSHAAN:K09-15449416"]
[Black "ROMAN, DANIEL:K09-14934138"]
[Result "1-0"]
[ICCResult "Black resigns"]
[WhiteElo "2209"]
[BlackElo "1372"]
[Opening "Réti: Nimzovich-Larsen attack"]
[ECO "A06"]
[NIC "QP.09"]
[Time "13:12:11"]
[PlyCount "61"]
[TimeControl "1500+5"]

1. Nf3 d5 2. b3 Nc6 3. Bb2 Bg4 4. g3 e6 5. Bg2 Bd6 6. Bxg7 Bxf3 7. Bxf3 Be5
8. Bxh8 Bxh8 9. c3 Qd6 10. d4 O-O-O 11. e3 Bf6 12. O-O Nge7 13. Nd2 e5 14.
Bg2 e4 15. c4 dxc4 16. Nxe4 Qe6 17. Nc5 Qd6 18. bxc4 b6 19. Ne4 Qe6 20. d5
Qf5 21. Nxf6 Qxf6 22. Qg4+ Kb8 23. dxc6 Nxc6 24. Rad1 Rc8 25. Qe4 Kb7 26.
c5 Qg6 27. Qxg6 fxg6 28. cxb6 axb6 29. Rc1 Rd8 30. Rxc6 Kc8 31. Rfc1 {
Black resigns } 1-0

[Event "ICC tourney 2533 (25 5)"]
[Site "Internet Chess Club"]
[Date "2021.04.24"]
[Round "2"]
[White "MADABUSHI, RAGHAVAN:K09-15400603"]
[Black "ACHATA, CAMERON:K09-16677725"]
[Result "1-0"]
[ICCResult "Black checkmated"]
[WhiteElo "1412"]
[BlackElo "536"]
[Opening "Queen's pawn: Charlick (Englund) gambit"]
[ECO "A40"]
[NIC "QO.17"]
[Time "13:13:43"]
[PlyCount "35"]
[TimeControl "1500+5"]

1. d4 e5 2. dxe5 Nc6 3. Nf3 Qe7 4. Bf4 Qb4+ 5. Bd2 Qxb2 6. Nc3 Bb4 7. Rb1
Qa3 8. Rb3 Qa5 9. e3 Bxc3 10. Bxc3 Qxa2 11. Bc4 f6 12. O-O Nxe5 13. Nxe5
fxe5 14. Qh5+ g6 15. Qxe5+ Kd8 16. Qxh8 Qxc2 17. Bf6+ Ke8 18. Qxg8# { Black
checkmated } 1-0

[Event "ICC tourney 2533 (25 5)"]
[Site "Internet Chess Club"]
[Date "2021.04.24"]
[Round "2"]
[White "KUMAR MULPURI, PARTHIV:K09-16906012"]
[Black "LEYTE VIDAL, BRANDON:K09-17196870"]
[Result "0-1"]
[ICCResult "White checkmated"]
[WhiteElo "1006"]
[BlackElo "430"]
[Opening "Vienna: Falkbeer variation"]
[ECO "C26"]
[NIC "AL.10"]
[Time "13:11:50"]
[PlyCount "54"]
[TimeControl "1500+5"]

1. e4 Nf6 2. Nc3 e5 3. d3 Nc6 4. Nf3 Bc5 5. Bg5 d6 6. Be2 Be6 7. O-O h6 8.
Bh4 g5 9. Bg3 Nh5 10. Kh1 Nxg3+ 11. fxg3 g4 12. Nd2 Qe7 13. Bxg4 O-O-O 14.
Nb3 Bxg4 15. Qxg4+ Kb8 16. Nxc5 dxc5 17. Ne2 Rdg8 18. Qf3 Rf8 19. Qh5 f6
20. Rf2 c4 21. dxc4 Qc5 22. Raf1 Qxc4 23. Rxf6 Rxf6 24. Rxf6 a6 25. Nc3 Ka7
26. Rxh6 Rxh6 27. Qxh6 Qf1# { White checkmated } 0-1

[Event "ICC tourney 2533 (25 5)"]
[Site "Internet Chess Club"]
[Date "2021.04.24"]
[Round "2"]
[White "KOLLIPARA, ADVAITH:K09-15014487"]
[Black "MEHTA, KHUSH:K09-16425411"]
[Result "1-0"]
[ICCResult "Black checkmated"]
[WhiteElo "1648"]
[BlackElo "579"]
[Opening "QGD Slav: 3.Nf3"]
[ECO "D11"]
[NIC "SL.01"]
[Time "13:12:06"]
[PlyCount "69"]
[TimeControl "1500+5"]

1. d4 d5 2. c4 c6 3. Nf3 Nf6 4. g3 e6 5. Bg2 Bd6 6. O-O Nbd7 7. Bg5 b6 8.
cxd5 cxd5 9. Nc3 Bb7 10. Rc1 Rc8 11. Re1 Rc6 12. e4 O-O 13. e5 Be7 14. exf6
Bxf6 15. Bxf6 Nxf6 16. Ne5 Rd6 17. Nb5 Rd7 18. Nxd7 Qxd7 19. a4 a6 20. Rc7
Qd8 21. Rxb7 axb5 22. axb5 Ne4 23. Bxe4 dxe4 24. Qc2 Qxd4 25. Qxe4 Qxb2 26.
Rxb6 Qa2 27. Rb7 Qa5 28. b6 Ra8 29. Ra7 Rxa7 30. bxa7 Qxa7 31. Rd1 g6 32.
Qd4 Qb7 33. Qf6 h6 34. Rd8+ Kh7 35. Qh8# { Black checkmated } 1-0

[Event "ICC tourney 2533 (25 5)"]
[Site "Internet Chess Club"]
[Date "2021.04.24"]
[Round "2"]
[White "BATRA, ANSH:K09-16342642"]
[Black "ROMANYUK, NIKITA:K09-16682244"]
[Result "1-0"]
[ICCResult "Black checkmated"]
[WhiteElo "883"]
[BlackElo "166"]
[Opening "Vienna game"]
[ECO "C28"]
[NIC "VG.04"]
[Time "13:13:31"]
[PlyCount "37"]
[TimeControl "1500+5"]

1. e4 e5 2. Nc3 Nc6 3. Bc4 Nf6 4. d3 a6 5. f4 d6 6. Nf3 h6 7. O-O Bg4 8.
Qe1 b5 9. Bb3 Be7 10. Nd5 O-O 11. Qg3 Bxf3 12. Qxf3 Na5 13. fxe5 dxe5 14.
Qg3 g5 15. Bxg5 hxg5 16. Qxg5+ Kh8 17. Nxf6 Bxf6 18. Rxf6 Rg8 19. Rh6# {
Black checkmated } 1-0

[Event "ICC tourney 2533 (25 5)"]
[Site "Internet Chess Club"]
[Date "2021.04.24"]
[Round "2"]
[White "ARMAN NEISHABOURI, JAMES:K09-16811338"]
[Black "FARRIS, NORA GRACE:K09-16974693"]
[Result "0-1"]
[ICCResult "White checkmated"]
[WhiteElo "427"]
[BlackElo "947"]
[Opening "Scotch: Mieses variation"]
[ECO "C45"]
[NIC "SO.04"]
[Time "13:13:07"]
[PlyCount "140"]
[TimeControl "1500+5"]

1. e4 e5 2. Nf3 Nc6 3. d4 exd4 4. Nxd4 Nf6 5. Nxc6 bxc6 6. e5 Qe7 7. f4 d6
8. Qe2 Nd5 9. exd6 cxd6 10. Bd2 Bf5 11. Nc3 Nxc3 12. Bxc3 Qxe2+ 13. Bxe2
Bxc2 14. Bf3 d5 15. f5 Bxf5 16. O-O-O f6 17. Rde1+ Kf7 18. g4 Bg6 19. h4 h6
20. h5 Bh7 21. Rhf1 Bd6 22. Bg2 Rhe8 23. Rxe8 Rxe8 24. Bd2 Bd3 25. Rf2 Bc5
26. Rf3 Be4 27. Rg3 Bf2 28. Rh3 Bxg2 29. Rh2 Bf3 30. Rxf2 Bxg4 31. Rh2 Re4
32. Kb1 Bf5 33. Ka1 Rg4 34. a3 Be6 35. Be3 d4 36. Bf2 d3 37. Bxa7 Re4 38.
Rh1 d2 39. Bf2 Rc4 40. Be3 Rc2 41. Rd1 g5 42. hxg6+ Kxg6 43. Bxd2 h5 44. b4
h4 45. Bf4 h3 46. Rd6 Bd5 47. Be5 Rf2 48. a4 h2 49. Bxh2 Rxh2 50. a5 Kg5
51. a6 Ra2+ 52. Kb1 Rxa6 53. Kb2 Ra7 54. Kc3 Kf5 55. Rd8 Ra3+ 56. Kd4 Kf4
57. Kc5 f5 58. Rxd5 cxd5 59. Kxd5 Rb3 60. Kc5 Ke3 61. b5 f4 62. b6 f3 63.
Kc6 f2 64. b7 f1=Q 65. Kc7 Qc4+ 66. Kb8 Qb5 67. Kc8 Qxb7+ 68. Kd8 Rd3+ 69.
Ke8 Rd7 70. Kf8 Qc8# { White checkmated } 0-1

[Event "ICC tourney 2533 (25 5)"]
[Site "Internet Chess Club"]
[Date "2021.04.24"]
[Round "2"]
[White "GIORGIO TESSIORE, LUCA:K09-17347744"]
[Black "GERALD AVERY, JOHN:K09-16706744"]
[Result "1-0"]
[ICCResult "Black checkmated"]
[WhiteElo "1914"]
[BlackElo "1229"]
[Opening "QGD: Semi-Tarrasch defense, Pillsbury variation"]
[ECO "D40"]
[NIC "TD.05"]
[Time "13:14:11"]
[PlyCount "49"]
[TimeControl "1500+5"]

1. d4 d5 2. c4 e6 3. Nf3 c5 4. Nc3 Nf6 5. Bg5 Nc6 6. e3 h6 7. Bxf6 gxf6 8.
cxd5 exd5 9. Be2 Be6 10. O-O Rg8 11. Re1 Qd7 12. Kh1 O-O-O 13. dxc5 Bxc5
14. Rc1 Bb6 15. Nb5 Kb8 16. Nbd4 Rg4 17. Nxc6+ bxc6 18. Nd4 Rg6 19. Nxc6+
Kb7 20. Nxd8+ Qxd8 21. Qa4 Qg8 22. Qc6+ Kb8 23. Ba6 Bc8 24. Qxc8+ Qxc8 25.
Rxc8# { Black checkmated } 1-0

[Event "ICC tourney 2533 (25 5)"]
[Site "Internet Chess Club"]
[Date "2021.04.24"]
[Round "2"]
[White "LIN, SYLVIA:K09-16713708"]
[Black "SKYRIDGE MIDDLE SCHOOL FONG, ADAM:K09-15742580"]
[Result "1-0"]
[ICCResult "Black checkmated"]
[WhiteElo "934"]
[BlackElo "384"]
[Opening "Queen's pawn game"]
[ECO "A46"]
[NIC "QP.05"]
[Time "13:14:11"]
[PlyCount "97"]
[TimeControl "1500+5"]

1. d4 Nf6 2. Nf3 e6 3. Bf4 d5 4. e3 c5 5. c3 c4 6. Nbd2 Bd6 7. Bxd6 Qxd6 8.
Qc2 Nc6 9. e4 dxe4 10. Nxe4 Nxe4 11. Qxe4 Bd7 12. Bxc4 O-O-O 13. Ne5 Nxe5
14. Qxe5 Qxe5+ 15. dxe5 Bc6 16. O-O Rd2 17. b4 a6 18. a4 Rc2 19. Rfc1 Rxc1+
20. Rxc1 Bxa4 21. Ra1 Bb5 22. Bxb5 Rd8 23. Be2 Rd2 24. Bf1 Rc2 25. c4 Rb2
26. b5 axb5 27. cxb5 Rc2 28. Ra8+ Kc7 29. Rg8 g6 30. Rg7 Kb6 31. Rxf7 h5
32. Rf6 g5 33. Rxe6+ Kc5 34. Rd6 g4 35. Rd1 Rc3 36. e6 h4 37. g3 hxg3 38.
hxg3 Kb4 39. e7 Rc8 40. Rd8 Rxd8 41. exd8=Q b6 42. Qxb6 Kc3 43. Qc5+ Kd2
44. Qc4 Kd1 45. b6 Kd2 46. b7 Kd1 47. b8=Q Kd2 48. Qd8+ Ke1 49. Qc1# {
Black checkmated } 1-0